 Dungeon Crawl Stone Soup version 0.28-a0-1555-g9ae15a6949 (webtiles) character file.

Game seed: 8139659293357046406

1520 HallandMoats the Skirmisher (level 8, -1/71 HPs)
             Began as a Ghoul Brigand on Jan 18, 2022.
             Was a Priest of Makhleb.
             Slain by a wyvern zombie (6 damage)
             ... on level 5 of the Dungeon.
             The game lasted 00:08:17 (5217 turns).

HallandMoats the Skirmisher (Ghoul Brigand)         Turns: 5217, Time: 00:08:18

Health: -1/71      AC: 10    Str: 17    XL:     8   Next: 84%
Magic:  10/10      EV: 11    Int:  6    God:    Makhleb [***...]
Gold:   214        SH:  0    Dex: 16    Spells: 7/7 levels left

rFire   . . .      SeeInvis .   b - +2 whip (freeze)
rCold   + + .      Faith    .   (no shield)
rNeg    + + +      Spirit   .   t - +1 scale mail {rC+}
rPois   ∞          Reflect  .   (no helmet)
rElec   .          Harm     .   c - +0 cloak
rCorr   .          Rampage  .   s - +0 pair of gloves
Will    .....                   (no boots)
Stlth   +.........              (no amulet)
HPRegen 0.00/turn               i - +6 ring of dexterity
MPRegen 0.12/turn               (no ring)

@: inhibited regen
A: claws 1, cold resistance 1, negative energy resistance 3, inhibited
regeneration, torment resistance 2
a: Renounce Religion, Minor Destruction, Lesser Servant of Makhleb


You were on level 5 of the Dungeon.
You worshipped Makhleb.
Makhleb was most pleased with you.
You visited 1 branch of the dungeon, and saw 5 of its levels.

You collected 214 gold pieces.

Inventory:

Hand Weapons
 a - a +1 dagger of venom
 b - a +2 whip of freezing (weapon)
 j - a +2 vorpal spear
Missiles
 d - 12 poisoned darts
 e - a curare-tipped dart (quivered)
Armour
 c - a +0 cloak (worn)
 s - a +0 pair of gloves (worn)
 t - a +1 scale mail of cold resistance (worn)
Jewellery
 i - a +6 ring of dexterity (left hand)
Wands
 q - a wand of flame (3)
Scrolls
 g - a scroll of noise {unknown}
 h - a scroll of immolation {unknown}
 l - 2 scrolls of teleportation {unknown}
 n - 2 scrolls of blinking {unknown}
 o - a scroll of amnesia {unknown}
 p - a scroll of brand weapon {unknown}
 u - a scroll of vulnerability {unknown}
 w - a scroll of silence {unknown}
 x - a scroll of acquirement {unknown}
Potions
 f - a potion of magic
 k - 2 potions of berserk rage {unknown}
 m - a potion of flight
 r - a potion of ambrosia
 v - a potion of lignification {unknown}


   Skills:
 * Level 6.6 Fighting
 - Level 1.7 Short Blades
 * Level 5.0 Axes
 - Level 1.7 Throwing
 + Level 3.4 Armour
 + Level 3.6 Dodging
 - Level 4.3 Stealth
 + Level 4.1 Invocations


You had 7 spell levels left.
You didn't know any spells.
Your spell library contained the following spells:

 Spells                   Type           Power      Damage    Failure   Level
 Freeze                   Ice            0%         1d3       85%         1
 Summon Small Mammal      Summ           0%         N/A       85%         1
 Call Canine Familiar     Summ           0%         N/A       99%         3
 Frozen Ramparts          Ice            0%         1d2       99%         3
 Summon Guardian Golem    Hex/Summ       0%         N/A       99%         3
 Hailstorm                Conj/Ice       0%         3d3       100%        4


Dungeon Overview and Level Annotations

Branches:
Dungeon (5/15)             Temple (0/1) D:4

Altars:
Makhleb

Annotations:
D:5 1 runed translucent door


Innate Abilities, Weirdness & Mutations

You thrive by killing the living.
You are immune to poison.
You have sharp fingernails.
Your flesh is cold resistant. (rC+)
You are immune to negative energy. (rN+++)
You do not regenerate when monsters are visible.
You are immune to unholy pain and torment.


Message History

You are too injured to fight recklessly!
You are too injured to fight recklessly!
You are too injured to fight recklessly!
You are too injured to fight recklessly!
You are too injured to fight recklessly!
You are too injured to fight recklessly!
You are too injured to fight recklessly!
You are too injured to fight recklessly!
You are too injured to fight recklessly!
You are too injured to fight recklessly!
You are too injured to fight recklessly!
You are too injured to fight recklessly!
You are too injured to fight recklessly!
Your +1 dagger of venom stops dripping with poison.
Your +2 whip of freezing glows with a cold blue light!
b - a +2 whip of freezing (weapon)
The wyvern zombie bites you.
You whack the wyvern zombie!
The wyvern zombie is heavily damaged.
The wyvern zombie bites you.
* * * LOW HITPOINT WARNING * * *
You hit the wyvern zombie.
The wyvern zombie is heavily damaged.
The wyvern zombie barely misses you.
You whack the wyvern zombie!
The wyvern zombie is severely damaged.
The wyvern zombie barely misses you.
You hit the wyvern zombie.
The wyvern zombie is almost destroyed.
The wyvern zombie barely misses you.
You hit the wyvern zombie.
The wyvern zombie is almost destroyed.
The wyvern zombie bites you!
* * * LOW HITPOINT WARNING * * *
The wyvern zombie bites you!
* * * LOW HITPOINT WARNING * * *
You hit the wyvern zombie.
The wyvern zombie is almost destroyed.
The wyvern zombie bites you.
You die...

......##....
....<.......#
.....##.....## .###
#....##......# .....
#............# .....
..##.†.#.....#######.....
#..†..##..... .(. ......
..##.##..##... #Z##......
..##....# #..#@#.......
.###....#####......#
.........#.##..###<#
................#..#
........#.###......#
........#..#......##
##'##.....##....#..#
#≈≈≈#.....#....##..#
#≈≈≈#..........#...##


You could see a wyvern zombie.

Vanquished Creatures
  Pikel (D:4)
  Sigmund (D:5)
  Edmund (D:5)
  A sky beast (D:5)
  An ogre (D:4)
  The ghost of frimble the Cutter, an amateur DsWr (D:5)
  3 scorpions (D:4)
  A howler monkey (D:4)
  A jelly (D:4)
  An orc priest (D:3)
  Jessica (D:2)
  Terence (D:3)
  An iguana (D:4)
  A hound skeleton (D:4)
  5 gnolls
  4 adders
  A river rat (D:5)
  A white imp (D:3)
  3 worms
  5 orcs
  9 ball pythons
  7 endoplasms
  4 giant cockroaches
  10 goblins
  5 hobgoblins
  2 quokkas
  5 bats
  5 frilled lizards (D:1)
  7 kobolds
  6 rats
95 creatures vanquished.

Vanquished Creatures (collateral kills)
  A worm (D:5)
  A rat (D:5)
2 creatures vanquished.

Grand Total: 97 creatures vanquished

Notes
Turn   | Place    | Note
-------+----------+-------------------------------------------
     0 | D:1      | HallandMoats the Ghoul Brigand began the quest for the Orb.
     0 | D:1      | Reached XP level 1. HP: 17/17 MP: 0/0
    34 | D:1      | Found a faded altar of an unknown god.
    59 | D:1      | Prayed at the altar of an unknown god.
    59 | D:1      | Became a worshipper of Makhleb the Destroyer
    59 | D:1      | Reached * piety under Makhleb
    91 | D:1      | Reached skill level 1 in Dodging
   181 | D:1      | Reached XP level 2. HP: 24/25 MP: 1/1
   321 | D:1      | You fall into a shaft and drop 1 floor!
   360 | D:2      | Reached skill level 1 in Axes
   431 | D:2      | Noticed Jessica
   437 | D:2      | Killed Jessica
   438 | D:2      | Reached skill level 3 in Fighting
   438 | D:2      | Reached skill level 1 in Invocations
   438 | D:2      | Reached XP level 3. HP: 24/31 MP: 2/2
   550 | D:2      | Reached XP level 4. HP: 6/38 MP: 3/3
   575 | D:3      | Reached ** piety under Makhleb
   576 | D:3      | Reached skill level 1 in Armour
  2168 | D:3      | Reached XP level 5. HP: 38/45 MP: 5/5
  2283 | D:3      | Noticed Terence
  2304 | D:3      | Killed Terence
  2602 | D:3      | Reached skill level 4 in Fighting
  3144 | D:4      | Reached XP level 6. HP: 45/52 MP: 6/6
  3316 | D:4      | Found a staircase to the Ecumenical Temple.
  3679 | D:4      | Noticed Pikel
  3681 | D:4      | Reached XP level 7. HP: 60/60 MP: 7/7
  3699 | D:4      | Reached *** piety under Makhleb
  3711 | D:4      | Killed Pikel
  3712 | D:4      | Reached skill level 5 in Fighting
  3712 | D:4      | Reached XP level 8. HP: 58/69 MP: 7/9
  4708 | D:5      | Entered Level 5 of the Dungeon
  4715 | D:5      | Found a runed translucent door.
  4733 | D:5      | Reached skill level 6 in Fighting
  4736 | D:5      | Noticed frimble's ghost (amateur DsWr)
  4793 | D:5      | Killed frimble's ghost
  4806 | D:5      | Found a runed translucent door.
  4913 | D:5      | Noticed Edmund
  4932 | D:5      | Noticed Sigmund
  4939 | D:5      | Killed Edmund
  4964 | D:5      | Killed Sigmund
  4965 | D:5      | Reached skill level 5 in Axes
  5217 | D:5      | Slain by a wyvern zombie

Illustrated notes

Levels and vault maps discovered:
D:1:      minmay_arrival_loop, layout_loops_ring,
          ebering_ecumenical_altar_abandoned
D:2:      layout_loops_ring, uniq_jessica
D:3:      layout_basic, serial_curves, eino_curves_03, eino_curves_01,
          eino_curves_02, grunt_decor_arrowhead, uniq_terence
D:4:      minmay_inner_zag, layout_cave_pods, minmay_temple_entry_arrows,
          uniq_pikel
D:5:      layout_cave_pools, lightli_temple_of_fire, ebering_ghost_sewer_f,
          minmay_misc_feat_iff, minmay_divided_ellipse, uniq_eustachio,
          uniq_edmund, uniq_sigmund, uniq_duvessa

Skill      XL: |  1  2  3  4  5  6  7  8 |
---------------+-------------------------+-----
Dodging        | 1 2 3 |  3.6
Axes           | 1 2 3 4 5 |  5.0
Fighting       | 3 4 5 6 |  6.6
Invocations    | 1 2 3 4 |  4.1
Armour         | 1 2 3 |  3.4
Short Blades   | |  1.7
Throwing       | |  1.7
Stealth        | |  4.3

Action                   |  1- 3 |  4- 6 |  7- 9 || total
-------------------------+-------+-------+-------++-------
Melee: Dagger            |    74 |    52 |   118 ||   244
       Punch             |     3 |     5 |     3 ||    11
       Spear             |       |   110 |    10 ||   120
       Whip              |       |       |    19 ||    19
Throw: Dart              |       |    21 |     8 ||    29
Invok: Lesser Servant of |       |       |     1 ||     1
  Use: Potion            |       |     4 |       ||     4
       Scroll            |       |       |     2 ||     2
 Stab: Sleeping          |     5 |    10 |       ||    15
       Invisible         |       |     1 |       ||     1
Armor: Robe              |     3 |       |       ||     3
       Ring mail         |    20 |    23 |       ||    43
       Scale mail        |       |    18 |    52 ||    70
Dodge: Dodged            |    29 |    85 |    55 ||   169

Table legend: (Time is in decaauts)
 A = Elapsed time spent in this place.
 B = Non-inter-level travel time spent in this place.
 C = Inter-level travel time spent in this place.
 D = Time resting spent in this place.
 E = Time spent auto-exploring this place.
 F = Levels seen in this place.
 G = Mean time per level.
                   A        B        C        D        E       F      G
               +--------+--------+--------+--------+--------+-----+--------+
         Total |   5179 |   5014 |    165 |    387 |   3627 |   5 | 1035.8 |
       Dungeon |   5179 |   5014 |    165 |    387 |   3627 |   5 | 1035.8 |
               +--------+--------+--------+--------+--------+-----+--------+

Top non-repeatable levels by time:
     D:4: 1593 daAuts
     D:3: 1406 daAuts
     D:2: 961 daAuts
     D:1: 712 daAuts
     D:5: 505 daAuts
